 Dungeon Crawl Stone Soup version 0.22.1-1-ga44c0e56f4 (webtiles) character file.

3642 ErikD the Basher (level 9, 0/81 HPs)
             Began as a Minotaur Monk on Aug 24, 2018.
             Was a Believer of Dithmenos.
             Slain by an orc wizard
             ... wielding a +0 dagger
              (2 damage)
             ... on level 7 of the Dungeon on Sept 23, 2018.
             The game lasted 00:43:54 (8433 turns).

ErikD the Basher (Minotaur Monk)                    Turns: 8433, Time: 00:43:56

Health: 0/81       AC:  8    Str: 20    XL:     9   Next: 88%
Magic:  0/8        EV: 15    Int:  8    God:    Dithmenos [**....]
Gold:   360        SH:  0    Dex: 13    Spells: 8/8 levels left

rFire    . . .     SeeInvis .   a - +0 mace
rCold    . . .     Gourm    .   (no shield)
rNeg     . . .     Faith    .   o - +0 ring mail
rPois    .         Spirit   +   (helmet restricted)
rElec    .         Reflect  .   C - scarf {Spirit}
rCorr    .         Harm     .   (no gloves)
MR       .....                  i - +1 pair of boots
Stlth    ++........             (no amulet)
HPRegen  0.23/turn              m - +2 ring of strength
MPRegen  0.11/turn              (no ring)

@: slowed, wreathed by umbra, very slow
A: retaliatory headbutt, horns 2
a: Shadow Step, Renounce Religion


You were on level 7 of the Dungeon.
You worshipped Dithmenos.
Dithmenos was pleased with you.
You were not hungry.

You visited 2 branches of the dungeon, and saw 9 of its levels.
You also visited: Sewer.

You collected 360 gold pieces.

Inventory:

Hand Weapons
 a - a +0 mace (weapon)
 u - a +2 falchion of freezing
 B - a +2 hunting sling of flaming
Missiles
 d - 16 sling bullets (quivered)
 h - 262 stones
 x - 11 tomahawks
Armour
 b - a +0 robe
 i - a +1 pair of boots (worn)
 o - a +0 ring mail (worn)
 C - a scarf of spirit shield (worn)
 L - a +0 pair of gloves
 N - a +0 shield
 O - a +4 ring mail of poison resistance
Jewellery
 m - a +2 ring of strength (left hand)
 v - a +3 ring of dexterity {unknown}
 J - an uncursed ring of flight {unknown}
 P - an uncursed ring of protection from fire {unknown}
 Q - an uncursed ring of wizardry {unknown}
Wands
 g - a wand of acid (3)
 y - a wand of disintegration (3)
 K - a wand of paralysis (14)
Scrolls
 e - 5 scrolls of magic mapping
 f - 4 scrolls of fog {unknown}
 j - 4 scrolls of remove curse
 k - a scroll of immolation {unknown}
 l - 11 scrolls of identify
 w - 2 scrolls of teleportation
 F - 2 scrolls of fear {unknown}
 I - a scroll of enchant armour {unknown}
Potions
 n - a potion of lignification {unknown}
 p - 2 potions of brilliance {unknown}
 q - 3 potions of haste {unknown}
 r - 4 potions of degeneration {unknown}
 s - a potion of cancellation {unknown}
 t - a potion of mutation {unknown}
 z - a potion of flight {unknown}
 A - 8 potions of curing
 D - 3 potions of heal wounds {unknown}
 E - 4 potions of might {unknown}
 G - a potion of magic {unknown}
 H - a potion of agility {unknown}
 M - a potion of invisibility {unknown}
Comestibles
 c - 12 rations


   Skills:
 + Level 8.0 Fighting
 + Level 10.9 Maces & Flails
 + Level 7.2 Armour
 + Level 7.1 Dodging
 + Level 4.0 Stealth
 + Level 1.3 Unarmed Combat
 + Level 0.6 Evocations


You had 8 spell levels left.
You didn't know any spells.
Your spell library was empty.

Dungeon Overview and Level Annotations

Branches:
Dungeon (8/15)             Temple (1/1) D:6
   Lair: D:8-11

Altars:
Cheibriados
Dithmenos
Elyvilon
Fedhas
Gozag
Hepliaklqana
Kikubaaqudgha
Makhleb
Nemelex Xobeh
Okawaru
Qazlal
Ru
Sif Muna
Trog
Uskayaw
Vehumet
Wu Jian
Xom
Yredelemnul
Zin
The Shining One

Shops:
D:4 :*(*%   D:6 *   D:7 (


Innate Abilities, Weirdness & Mutations

You reflexively headbutt those who attack you in melee.
You have a pair of horns on your head.


Message History

You hit the orc warrior but do no damage.
The orc wizard points at you and mumbles some strange words.
The magic dart hits you!
* * * LOW HITPOINT WARNING * * *
The orc wizard completely misses you. The orc warrior hits you with a glaive!
* * * LOW HITPOINT WARNING * * *
Your ring mail prevents you from hitting the orc wizard.
The orc wizard is severely wounded.
The orc wizard casts a spell.
The orc wizard blinks!
The orc warrior hits you with a glaive!
* * * LOW HITPOINT WARNING * * *
The orc wizard hits you with a dagger.
* * * LOW HITPOINT WARNING * * *
The orc warrior completely misses you. The orc wizard barely misses you.
The orc wizard hits you with a dagger.
* * * LOW HITPOINT WARNING * * *
The orc wizard misses you.
Unknown command.
The orc wizard hits you with a dagger.
You die...

......### #......##....#.
........#### #......#.......
......#....# ##......#.....#.
.......##..# #(.####.........
..........### ##.## ###.....#.
............#####.>#######.......
....>........o.................#.
....<...>...##o.#.##.............
.........#...##o@.##...........#.
...........#.###...#........#.#..
.........#..................#.#..
..........#####..#.......)..#..).
#######......##..####............
##.....##..# ##.#..........
##.....#..###........†....
##.(#.#.#.....######.....
#...........#####.....##


You could see an orc warrior, an orc wizard and an orc.

Vanquished Creatures
  A hippogriff (D:8)
  Sigmund (D:2)
  A wyvern (D:8)
  A hungry ghost (D:7)
  A water moccasin (D:6)
  Duvessa (D:7)
  2 sky beasts
  An ice beast (D:7)
  3 centaurs
  5 ogres
  A phantom (D:5)
  Blork the orc (D:4)
  3 bullfrogs
  Dowan (D:7)
  2 scorpions
  5 killer bees (D:7)
  4 crimson imps
  A bullfrog zombie (D:3)
  A centaur zombie (D:5)
  A hound (D:7)
  2 jellies
  A centaur skeleton (D:7)
  3 iguanas
  Ijyb (D:3)
  2 orc wizards
  9 worker ants
  3 hound zombies
  A hound skeleton (D:5)
  3 gnolls (D:4)
  18 adders
  8 river rats
  3 shadow imps
  2 oozes
  An adder zombie (D:4)
  3 worms
  A dart slug (D:1)
  4 leopard geckos
  19 orcs
  13 ball pythons
  5 bats
  7 giant cockroaches
  5 goblins
  7 hobgoblins
  4 jackals (D:4)
  A quokka (D:2)
  A ball python skeleton (D:4)
  9 frilled lizards
  A giant cockroach zombie (D:5)
  A jackal skeleton (D:7)
  10 kobolds
  27 rats
212 creatures vanquished.

Notes
Turn   | Place    | Note
-------+----------+-------------------------------------------
     0 | D:1      | ErikD the Minotaur Monk began the quest for the Orb.
     0 | D:1      | Reached XP level 1. HP: 19/19 MP: 0/0
    58 | D:1      | Upgraded the game from 0.22.0-36-g8e74550d25 to
                  | 0.22.0-38-g04b72b8c25
    58 | D:1      | Upgraded the game from 0.22.0-38-g04b72b8c25 to
                  | 0.22.0-40-g68aacdc4c8
    58 | D:1      | Upgraded the game from 0.22.0-40-g68aacdc4c8 to
                  | 0.22.0-49-gab54619674
   215 | D:1      | Reached XP level 2. HP: 27/27 MP: 1/1
   352 | D:1      | Upgraded the game from 0.22.0-49-gab54619674 to
                  | 0.22.0-75-g3901e7991e
   652 | D:1      | Reached skill level 4 in Maces & Flails
   830 | D:2      | Reached XP level 3. HP: 31/33 MP: 2/2
  1275 | D:2      | Noticed Sigmund
  1699 | D:3      | Reached XP level 4. HP: 32/40 MP: 3/3
  2110 | D:3      | Reached skill level 5 in Maces & Flails
  2110 | D:3      | Reached skill level 1 in Armour
  2110 | D:3      | Reached XP level 5. HP: 46/47 MP: 4/4
  2111 | D:3      | Noticed Ijyb
  2127 | D:3      | Killed Ijyb
  2503 | D:2      | Killed Sigmund
  2503 | D:2      | Reached skill level 6 in Maces & Flails
  2503 | D:2      | Reached XP level 6. HP: 53/53 MP: 5/5
  2902 | D:4      | Found a glowing drain.
  2909 | Sewer    | Entered a sewer
  2941 | Sewer    | Reached skill level 7 in Maces & Flails
  2941 | Sewer    | Reached XP level 7. HP: 57/60 MP: 6/6
  3438 | Sewer    | Reached skill level 5 in Fighting
  3692 | Sewer    | Reached skill level 5 in Dodging
  3884 | D:4      | Found Perelyu's Book Emporium.
  3944 | D:4      | Noticed Blork the orc
  3952 | D:4      | Found Kirif's Food Emporium.
  3953 | D:4      | Found Texeawun's Antique Weapon Emporium.
  3954 | D:4      | Upgraded the game from 0.22.0-75-g3901e7991e to
                  | 0.22.0-81-g402daae900
  3954 | D:4      | Upgraded the game from 0.22.0-81-g402daae900 to 0.22.1
  3954 | D:4      | Upgraded the game from 0.22.1 to 0.22.1-1-ga44c0e56f4
  3958 | D:4      | Found Peuxosk's General Store.
  3959 | D:4      | Found Laodd's Assorted Antiques.
  4071 | D:5      | Entered Level 5 of the Dungeon
  4400 | D:5      | Reached XP level 8. HP: 49/68 MP: 4/7
  4452 | D:5      | Reached skill level 5 in Armour
  4488 | D:5      | Reached skill level 8 in Maces & Flails
  4742 | D:5      | Reached skill level 1 in Unarmed Combat
  5514 | D:4      | Killed Blork the orc
  5571 | D:4      | Reached skill level 9 in Maces & Flails
  5860 | D:6      | Found a sparkling altar of Nemelex Xobeh.
  5931 | D:6      | Reached XP level 9. HP: 59/75 MP: 5/8
  5942 | D:6      | Found Muegg's General Store.
  6117 | D:6      | Found a staircase to the Ecumenical Temple.
  6130 | Temple   | Entered the Ecumenical Temple
  6382 | Temple   | Became a worshipper of Dithmenos the Shadowed
  6382 | Temple   | Reached * piety under Dithmenos
  6382 | Temple   | Reached ** piety under Dithmenos
  6452 | D:7      | Noticed Duvessa
  6453 | D:7      | Noticed Dowan
  6742 | D:7      | Reached skill level 10 in Maces & Flails
  6776 | D:7      | Killed Dowan
  7398 | D:7      | Killed Duvessa
  7832 | D:7      | Found Diwe's Antique Weapon Emporium.
  8076 | D:8      | HP: 4/81 [poisoned by an orc]
  8431 | D:7      | HP: 4/81 [orc wizard/dagger (1)]
  8432 | D:7      | HP: 1/81 [orc wizard/dagger (3)]
  8433 | D:7      | Slain by an orc wizard

Skill      XL: |  1  2  3  4  5  6  7  8  9 |
---------------+----------------------------+-----
Maces & Flails | 4 5 6 7 9 10 | 10.9
Fighting       | 4 5 6 8 |  8.0
Stealth        | 2 3 4 |  4.0
Dodging        | 4 5 6 7 |  7.1
Armour         | 1 2 3 4 6 7 |  7.2
Unarmed Combat | 1 |  1.3
Evocations     | |  0.6

Action                   |  1- 3 |  4- 6 |  7- 9 || total
-------------------------+-------+-------+-------++-------
Melee: Mace              |    90 |    95 |   460 ||   645
       Headbutt          |    16 |    24 |    92 ||   132
       Unarmed           |       |       |    18 ||    18
       Punch             |       |       |     4 ||     4
Throw: Stone             |     1 |       |       ||     1
Evoke: Wand              |       |     3 |     3 ||     6
  Use: Scroll            |     3 |       |     1 ||     4
       Potion            |       |       |     1 ||     1
 Stab: Sleeping          |     4 |       |     6 ||    10
  Eat: Chunk             |     2 |     4 |    14 ||    20
       Ration            |       |       |     3 ||     3
Armor: Robe              |     6 |       |       ||     6
       Ring mail         |    15 |    24 |   178 ||   217
Dodge: Dodged            |    53 |    69 |   474 ||   596
